 Dungeon Crawl Stone Soup version 0.23.2-32-g37ab1d4649 (webtiles) character file.

Game seed: 7907534498611929356

10745 Mrkan the Grappler (level 11, 0/172 HPs)
             Began as a Troll Hunter on June 26, 2019.
             Was an Elder of Trog.
             Slain by a tengu warrior
             ... wielding a +0 glaive
              (14 damage)
             ... on level 11 of the Dungeon.
             The game lasted 00:19:22 (7662 turns).

Mrkan the Grappler (Troll Hunter)                   Turns: 7662, Time: 00:19:22

Health: 0/172      AC:  8    Str: 27    XL:     11   Next: 40%
Magic:  10/10      EV:  9    Int:  9    God:    Trog [****..]
Gold:   419        SH:  0    Dex: 11    Spells: 10/10 levels left

rFire    . . .     SeeInvis .     - Unarmed
rCold    . . .     Gourm    +   (no shield)
rNeg     . . .     Faith    .   u - +0 troll leather armour
rPois    .         Spirit   .   (helmet restricted)
rElec    .         Reflect  .   (no cloak)
rCorr    .         Harm     .   (gloves unavailable)
MR       .....                  (boots unavailable)
Stlth    ..........             (no amulet)
HPRegen  1.18/turn              (no ring)
MPRegen  0.12/turn              (no ring)

@: berserking, heavily drained, very quick
A: large, unfitting armour, claws 3, fast metabolism 3, gourmand, regeneration
1, shaggy fur 1, tough skin 3
a: Berserk, Trog's Hand, Brothers in Arms, Renounce Religion


You were on level 11 of the Dungeon.
You worshipped Trog.
Trog was greatly pleased with you.
You were very full.

You visited 1 branch of the dungeon, and saw 11 of its levels.

You collected 518 gold pieces.
You spent 99 gold pieces at shops.

Inventory:

Hand Weapons
 a - a +1 hunting sling
 z - a +1 whip of draining
Missiles
 c - 10 large rocks
 d - 2 throwing nets
 e - 289 stones (quivered)
 n - 4 silver tomahawks
 v - 54 sling bullets
 D - 35 poisoned needles
Armour
 u - a +0 troll leather armour (worn)
Jewellery
 m - a +6 ring of intelligence
Wands
 g - a wand of iceblast (19)
 o - a wand of digging (7)
 q - a wand of random effects (11)
 C - a wand of flame (9)
Scrolls
 h - a scroll of enchant weapon
 k - 4 scrolls of blinking
 p - 7 scrolls of teleportation
 r - 2 scrolls of fog
 x - 2 scrolls of magic mapping
 A - a scroll of identify
 F - 2 scrolls of remove curse
Potions
 b - 2 potions of haste {unknown}
 i - a potion of berserk rage
 j - 5 potions of curing
 l - 3 potions of might
 s - a potion of magic
 t - a potion of ambrosia
 w - a potion of flight {unknown}
 B - 2 potions of resistance {unknown}
 E - a potion of mutation {unknown}
 H - a potion of brilliance {unknown}
Comestibles
 f - 29 rations
 G - 3 chunks of flesh


   Skills:
 + Level 9.0(6.5) Fighting
 - Level 8.0(5.5) Throwing
 - Level 1.5(0.0) Dodging
 - Level 0.3(0.0) Stealth
 * Level 12.3(9.6) Unarmed Combat


You had 10 spell levels left.
You didn't know any spells.
Your spell library was empty.

Dungeon Overview and Level Annotations

Branches:
Dungeon (11/15)            Temple (0/1) D:6            Lair (0/6) D:9
    Orc: D:9-12

Altars:
Kikubaaqudgha
Makhleb
Ru
Trog
Uskayaw

Shops:
D:4 [:?[   D:5 !   D:7 *

Annotations:
D:11 1 runed translucent door, Ge0ff's ghost, journeyman HuNe


Innate Abilities, Weirdness & Mutations

You are too large for most types of armour.
You have claws for hands.
Your metabolism is lightning-fast.
You like to eat raw meat.
Your natural rate of healing is unusually fast.
You are covered in fur. (AC +1)
You have extremely tough skin. (AC +3)


Message History

The tengu warrior hits you with a +0 glaive!
* * * LOW HITPOINT WARNING * * *
The tengu warrior pecks you but does no damage.
The tengu warrior claws you.
* * * LOW HITPOINT WARNING * * *
The orc warrior hits you with a +0 battleaxe!
* * * LOW HITPOINT WARNING * * *
A red film seems to cover your vision as you go berserk!
You feel yourself moving faster!
You feel mighty!
You feel quite a bit less full. The tengu warrior barely misses you.
The tengu warrior pecks you but does no damage.
The tengu warrior claws you but does no damage.
The orc warrior hits you with a +0 battleaxe.
* * * LOW HITPOINT WARNING * * *
You barely miss the tengu warrior. Your claw misses the tengu warrior.
The tengu warrior is heavily wounded.
You mangle the tengu warrior!!
The tengu warrior is almost dead.
The tengu warrior hits you with a +0 glaive!
You die...

........+ #.....##..
........# #....##...
........# #....#⌠.%♣
........#####....##..!
.................##..
.##....###.......##W
#....# #..###...##
#....# #..# #.....
#@...# #..# #....>
#.oQ..###..# #.....
##.#####...###.....
#.# #........... .#.
#........... ## #
############


You could see a tengu warrior and an orc warrior.

Vanquished Creatures
  2 two-headed ogres
  An unseen horror (D:10)
  An ugly thing (D:11)
  A cyclops (D:11)
  An elephant (D:9)
  2 centaur skeletons
  2 trolls
  A hippogriff (D:9)
  A meliai zombie (D:11)
  A vampire (D:11)
  A hungry ghost (D:10)
  A basilisk (D:9)
  A steam dragon (D:11)
  Edmund (D:6)
  Duvessa (D:6)
  3 water moccasins
  3 orc warriors
  6 sky beasts
  An ice beast (D:6)
  10 ogres
  4 phantoms
  5 centaurs
  A crocodile (D:9)
  A big kobold (D:7)
  5 bullfrogs
  Dowan (D:6)
  2 scorpions
  12 wights
  A bullfrog zombie (D:7)
  6 howler monkeys
  4 crimson imps
  A centaur zombie (D:9)
  2 jellies
  7 hounds
  5 orc priests
  A bullfrog skeleton (D:6)
  2 iguanas
  10 worker ants
  Terence (D:2)
  Ijyb (D:5)
  Natasha (thrice) (D:2)
  7 orc wizards
  A worker ant zombie (D:6)
  A howler monkey zombie (D:7)
  9 adders
  7 gnolls
  2 shadow imps
  2 adder zombies
  An adder skeleton (D:6)
  2 worms
  2 dart slugs (D:1)
  4 leopard geckos
  31 orcs
  A ball python (D:1)
  8 bats
  3 giant cockroaches (D:7)
  2 goblins
  5 hobgoblins
  2 jackals (D:6)
  3 quokkas
  6 frilled lizards
  8 kobolds
  A quokka skeleton (D:5)
  5 rats
229 creatures vanquished.

Notes
Turn   | Place    | Note
-------+----------+-------------------------------------------
     0 | D:1      | Mrkan the Troll Hunter began the quest for the Orb.
     0 | D:1      | Reached XP level 1. HP: 19/19 MP: 0/0
   115 | D:1      | Reached skill level 1 in Unarmed Combat
   138 | D:1      | Reached XP level 2. HP: 28/28 MP: 1/1
   525 | D:1      | Reached skill level 2 in Unarmed Combat
   840 | D:2      | Reached XP level 3. HP: 25/35 MP: 2/2
  1074 | D:2      | Noticed Natasha
  1080 | D:2      | Killed Natasha
  1106 | D:2      | Noticed Natasha
  1119 | D:2      | Killed Natasha
  1119 | D:2      | Reached skill level 3 in Unarmed Combat
  1119 | D:2      | Reached XP level 4. HP: 38/44 MP: 3/3
  1147 | D:2      | Noticed Terence
  1161 | D:2      | Killed Terence
  1415 | D:2      | Noticed Natasha
  1439 | D:2      | Killed Natasha
  1439 | D:2      | Reached XP level 5. HP: 43/50 MP: 4/4
  1571 | D:3      | Reached skill level 4 in Unarmed Combat
  1658 | D:3      | Found an ancient bone altar of Kikubaaqudgha.
  2223 | D:4      | Reached XP level 6. HP: 60/61 MP: 5/5
  2350 | D:4      | Reached skill level 5 in Unarmed Combat
  2619 | D:5      | Entered Level 5 of the Dungeon
  2630 | D:4      | Found Nebag's Magic Scroll Boutique.
  2630 | D:4      | Found Himamuomn's Antique Armour Boutique.
  2643 | D:5      | Reached skill level 6 in Unarmed Combat
  2643 | D:5      | Reached XP level 7. HP: 48/68 MP: 6/6
  2737 | D:4      | Found Semy's Book Boutique.
  2744 | D:4      | Found Hityr's Armour Boutique.
  2764 | D:4      | Bought an embroidered robe for 99 gold pieces
  2945 | D:5      | Found a bloodstained altar of Trog.
  2951 | D:5      | Became a worshipper of Trog the Wrathful
  2965 | D:5      | Found Ruuph's Distillery.
  2990 | D:5      | Reached skill level 7 in Unarmed Combat
  3002 | D:5      | Noticed Ijyb
  3026 | D:5      | Killed Ijyb
  3036 | D:5      | Reached XP level 8. HP: 79/79 MP: 7/7
  3179 | D:5      | Reached skill level 8 in Unarmed Combat
  3210 | D:5      | Reached skill level 5 in Fighting
  3340 | D:5      | Found a burning altar of Makhleb.
  3340 | D:5      | Noticed a cacodemon
  3511 | D:6      | Noticed Edmund
  3518 | D:6      | Killed Edmund
  3555 | D:6      | Reached skill level 9 in Unarmed Combat
  3588 | D:6      | Reached * piety under Trog
  3608 | D:6      | Noticed Duvessa
  3610 | D:6      | Noticed Dowan
  3622 | D:6      | Killed Duvessa
  3628 | D:6      | Killed Dowan
  3652 | D:6      | Reached XP level 9. HP: 73/89 MP: 8/8
  3786 | D:6      | Found a staircase to the Ecumenical Temple.
  3981 | D:7      | Reached skill level 5 in Throwing
  4226 | D:7      | Found a sacrificial altar of Ru.
  4247 | D:7      | Found Oniufuha's General Store.
  4517 | D:7      | Reached ** piety under Trog
  4954 | D:8      | Noticed a two-headed ogre
  4960 | D:8      | Killed a two-headed ogre
  4960 | D:8      | Reached XP level 10. HP: 22/102 MP: 9/9
  5049 | D:8      | Found a hide-covered altar of Uskayaw.
  5823 | D:9      | Noticed an elephant
  5824 | D:9      | Found a staircase to the Lair.
  5847 | D:9      | Killed an elephant
  5854 | D:9      | Reached skill level 10 in Unarmed Combat
  6214 | D:10     | Entered Level 10 of the Dungeon
  6218 | D:10     | Reached *** piety under Trog
  6311 | D:10     | Noticed a two-headed ogre
  6334 | D:10     | Killed a two-headed ogre
  6439 | D:10     | Reached skill level 11 in Unarmed Combat
  6525 | D:10     | Killed an unseen horror
  6652 | D:10     | Reached XP level 11. HP: 113/113 MP: 10/10
  7001 | D:11     | Noticed a cyan ugly thing
  7010 | D:11     | Killed a cyan ugly thing
  7316 | D:11     | Reached skill level 12 in Unarmed Combat
  7479 | D:11     | Reached **** piety under Trog
  7570 | D:11     | Found a runed translucent door.
  7570 | D:11     | Noticed Ge0ff's ghost (journeyman HuNe)
  7648 | D:11     | Noticed a tengu warrior
  7662 | D:11     | Slain by a tengu warrior

Skill      XL: |  1  2  3  4  5  6  7  8  9 10 11 |
---------------+----------------------------------+-----
Unarmed Combat | 1 2 3 4 6 7 9 11 12 | 12.3
Fighting       | 2 3 4 5 7 8 9 |  9.0
Throwing       | 4 7 8 |  8.0
Dodging        | |  1.5
Stealth        | |  0.3

Action                   |  1- 3 |  4- 6 |  7- 9 | 10-12 || total
-------------------------+-------+-------+-------+-------++-------
Melee: Unarmed           |    93 |   131 |   285 |   315 ||   824
       Punch             |     2 |     3 |    11 |     9 ||    25
Invok: Berserk           |       |       |     2 |     4 ||     6
       Trog's Hand       |       |       |       |     1 ||     1
  Use: Scroll            |       |       |    12 |    10 ||    22
       Potion            |       |       |     1 |       ||     1
 Stab: Sleeping          |       |       |     1 |       ||     1
  Eat: Chunk             |    15 |    10 |    27 |    30 ||    82
       Ration            |       |       |       |     2 ||     2
Armor: Robe              |    53 |    27 |    85 |    69 ||   234
       Troll leather arm |       |       |       |    46 ||    46
Dodge: Dodged            |    55 |    58 |   128 |   135 ||   376
